 Dungeon Crawl Stone Soup version 0.26-a0-1040-gbe3abf3417 (webtiles) character file.

Game seed: 11469558898453601350

150 Dracia the Slasher (level 5, 0/41 HPs)
             Began as a Demonspawn Delver on Dec 11, 2020.
             Slain by a water moccasin skeleton (2 damage)
             ... on level 3 of the Dungeon.
             The game lasted 00:02:23 (1192 turns).

Dracia the Slasher (Demonspawn Delver)              Turns: 1192, Time: 00:02:23

Health: 0/41       AC:  3    Str: 12    XL:     5   Next: 10%
Magic:  5/5        EV: 12    Int: 13    God:
Gold:   0          SH:  0    Dex: 14    Spells: 4/4 levels left

rFire    . . .     SeeInvis .   a - +0 falchion
rCold    . . .     Faith    .   (no shield)
rNeg     . . .     Spirit   .   b - +0 leather armour
rPois    .         Reflect  .   (no helmet)
rElec    .         Harm     .   (no cloak)
rCorr    .         Rampage  .   (no gloves)
Will     .....                  (no boots)
Stlth    ++........             (no amulet)
HPRegen  0.13/turn              (no ring)
MPRegen  0.09/turn              (no ring)

@: no status effects
A: hooves 1, demonic guardian 1
a: no special abilities


You were on level 3 of the Dungeon.
You visited 1 branch of the dungeon, and saw 3 of its levels.
You also visited: Sewer.


Innate Abilities, Weirdness & Mutations

You have large cloven feet.
A weak demonic guardian rushes to your aid.


   Skills:
 - Level 3.0 Fighting
 + Level 4.9 Long Blades
 - Level 1.7 Dodging
 - Level 4.5 Stealth


You had 4 spell levels left.
You didn't know any spells.
Your spell library was empty.

Inventory:

Hand Weapons
 a - a +0 falchion (weapon)
Armour
 b - a +0 leather armour (worn)
Wands
 g - a wand of digging (3)
 h - a wand of iceblast (3)
Scrolls
 c - a scroll of fog
 e - a scroll of fear
 f - a scroll of identify {unknown}
Potions
 d - a potion of flight

Dungeon Overview and Level Annotations

Branches:
Dungeon (5/15)              Sewer (visited)
 Temple: D:4-7

Altars:

#.............#
#.#.###########
####.#.#####
#...........######
#.##.............#
#..#.###.##.#.# #
#..#.# #.##.#.#.#
#..#.###.##.....##.
#. #.....@Z.†......
#......#.##........
.######.##.....#..
#.##........
..##.####.#. ####.#
# ..# ###


You could see a water moccasin skeleton.


Message History

Your white imp closely misses the water moccasin skeleton.
The goblin completely misses your white imp.
The water moccasin skeleton bites your white imp.
Your white imp closely misses the water moccasin skeleton.
The water moccasin skeleton closely misses your white imp.
The goblin hits your white imp with a +0 war axe.
Your white imp dies!
The goblin hits you with a +0 war axe.
* * * LOW HITPOINT WARNING * * *
You are too injured to fight recklessly!
You are too injured to fight recklessly!
You are too injured to fight recklessly!
You miss the goblin.
The goblin is moderately wounded.
The goblin hits you with a +0 war axe!
* * * LOW HITPOINT WARNING * * *
You completely miss the goblin. The goblin hits you with a +0 war axe!
* * * LOW HITPOINT WARNING * * *
You hit the goblin.
You kill the goblin!
You hit the water moccasin skeleton but do no damage.
The water moccasin skeleton is almost destroyed.
The water moccasin skeleton bites you.
* * * LOW HITPOINT WARNING * * *
You hit the water moccasin skeleton.
The water moccasin skeleton is almost destroyed.
The water moccasin skeleton bites you.
* * * LOW HITPOINT WARNING * * *
The water moccasin skeleton bites you.
You die...

Skill      XL: |  1  2 |
---------------+-------+-----
Long Blades    | 2 4 |  4.9
Fighting       | |  3.0
Dodging        | |  1.7
Stealth        | |  4.5

Action                   |  1- 3 |  4- 6 || total
-------------------------+-------+-------++-------
Melee: Falchion          |    38 |    52 ||    90
       Kick              |       |    13 ||    13
  Use: Potion            |     1 |     3 ||     4
       Scroll            |     1 |     1 ||     2
 Stab: Sleeping          |     1 |     1 ||     2
Armor: Leather armour    |    11 |    26 ||    37
Dodge: Dodged            |    36 |    45 ||    81
       Rpst.: Falchion   |     9 |    10 ||    19

Levels and vault maps discovered:
D:3:      layout_loops_ring, gammafunk_ghost_stat_death, wad_orctagon,
          uniq_grinder, uniq_robin
D:4:      layout_cave_pools, portal_sewer_entry_b, kennysheep_nondescript,
          uniq_crazy_yiuf_cottage, uniq_menkaure, uniq_purgy
D:5:      layout_loops_ring, minmay_temple_entry_glassed_door,
          fedhas_bush_and_centaur_altar, uniq_prince_ribbit1

Notes
Turn   | Place    | Note
-------+----------+-------------------------------------------
     0 | D:5      | Dracia the Demonspawn Delver began the quest for the Orb.
     0 | D:5      | Reached XP level 1. HP: 18/18 MP: 1/1
    26 | D:5      | Noticed a sky beast
    37 | D:4      | Noticed a scorpion
    48 | D:4      | Found a glowing drain.
    61 | Sewer    | Entered a sewer
    73 | Sewer    | Reached skill level 2 in Long Blades
    73 | Sewer    | Gained mutation: A weak demonic guardian rushes to your
                  | aid. [demonic ancestry]
    73 | Sewer    | Reached XP level 2. HP: 3/24 MP: 2/2
    80 | Sewer    | HP: 1/24 [rat (2)]
    92 | Sewer    | Reached skill level 3 in Long Blades
   417 | Sewer    | Noticed a big kobold
   447 | Sewer    | Killed a big kobold
   448 | Sewer    | Reached skill level 4 in Long Blades
   448 | Sewer    | Gained mutation: You have large cloven feet. [demonic
                  | ancestry]
   448 | Sewer    | Reached XP level 3. HP: 13/29 MP: 3/3
   448 | Sewer    | Reached XP level 4. HP: 16/35 MP: 4/4
   675 | Sewer    | Found a glowing silver altar of Zin.
  1082 | D:3      | Reached XP level 5. HP: 41/41 MP: 5/5
  1189 | D:3      | HP: 4/41 [goblin/+0 war axe (7)]
  1192 | D:3      | Slain by a water moccasin skeleton

Vanquished Creatures
  A big kobold (Sewer)
  A scorpion (D:4)
  2 river rats (Sewer)
  An adder (D:3)
  A dart slug (D:3)
  3 giant cockroaches
  2 goblins (D:3)
  A jackal (Sewer)
  2 ball pythons
  A frilled lizard (D:3)
  4 rats
19 creatures vanquished.

Vanquished Creatures (collateral kills)
  A river rat (D:4)
  A jackal (Sewer)
  2 kobolds (Sewer)
4 creatures vanquished.

Grand Total: 23 creatures vanquished

Table legend: (Time is in decaauts)
 A = Elapsed time spent in this place.
 B = Non-inter-level travel time spent in this place.
 C = Inter-level travel time spent in this place.
 D = Time resting spent in this place.
 E = Time spent auto-exploring this place.
 F = Levels seen in this place.
 G = Mean time per level.
                   A        B        C        D        E       F      G
               +--------+--------+--------+--------+--------+-----+--------+
         Total |   1215 |   1215 |      0 |    731 |    206 |   4 |  303.8 |
       Dungeon |    512 |    512 |      0 |    261 |     89 |   3 |  170.7 |
         Sewer |    703 |    703 |      0 |    470 |    117 |   1 |  703.0 |
               +--------+--------+--------+--------+--------+-----+--------+

Top non-repeatable levels by time:
   Sewer: 703 daAuts
     D:4: 351 daAuts
     D:3: 124 daAuts
     D:5: 37 daAuts

Table legend:
 A = Non-vault XP
 B = Vault XP
 C = Vault XP percentage of total XP
 D = Non-vault monster count
 E = Vault monster count
 F = Vault count percentage of total count
                 A         B        C        D         E       F
            +---------+---------+-------+---------+---------+-------
      Total |      95 |     120 |  55.8 |       8 |      15 |  65.2
            +---------+---------+-------+---------+---------+-------
        D:3 |      25 |       0 |   0.0 |       7 |       0 |   0.0
        D:4 |      70 |      14 |  16.7 |       1 |       5 |  83.3
      Sewer |       0 |     106 | 100.0 |       0 |      10 | 100.0
            +---------+---------+-------+---------+---------+-------
